 Dungeon Crawl Stone Soup version 0.25-a0-942-g87a53962fc (webtiles) character file.

Game seed: 7126136016520009598, levelgen mode: classic

63 Amnesiac the Magician (level 3, -4/17 HPs)
             Began as a Deep Elf Wizard on May 7, 2020.
             Slain by Natasha (5 damage)
             ... on level 4 of the Dungeon.
             The game lasted 00:02:22 (791 turns).

Amnesiac the Magician (Deep Elf Wizard)              Turns: 791, Time: 00:02:22

Health: -4/17      AC:  2    Str:  4    XL:     3   Next: 87%
Magic:  2/11       EV: 13    Int: 23    God:
Gold:   46         SH:  0    Dex: 13    Spells: 0/11 levels left

rFire    . . .     SeeInvis .   (no weapon)
rCold    . . .     Gourm    .   (no shield)
rNeg     . . .     Faith    .   a - +0 robe
rPois    .         Spirit   .   b - +0 hat
rElec    .         Reflect  .   (no cloak)
rCorr    .         Harm     .   (no gloves)
MR       .....                  (no boots)
Stlth    ++........             (no amulet)
HPRegen  0.45/turn              (no ring)
MPRegen  0.12/turn              (no ring)

@: slowed, very slow
A: frail 1, regeneration 1
a: no special abilities


You were on level 4 of the Dungeon.
You were not hungry.

You visited 1 branch of the dungeon, and saw 4 of its levels.

You collected 46 gold pieces.

Inventory:

Missiles
 h - 3 curare-tipped darts (quivered)
Armour
 a - a +0 robe (worn)
 b - a +0 hat (worn)
Scrolls
 e - a scroll of magic mapping {!r, unknown}
 f - a scroll of remove curse {!r, unknown}
 j - a scroll of identify {!r, unknown}
Potions
 i - a potion of lignification {!q, unknown}
Comestibles
 d - 3 rations


   Skills:
 - Level 2.4 Dodging
 - Level 2.4 Stealth
 - Level 4.5 Spellcasting
 * Level 4.1 Conjurations
 - Level 1.1 Summonings
 - Level 1.1 Translocations


You couldn't memorise any spells.
You knew the following spells:

 Your Spells              Type           Power        Failure   Level  Hunger
a - Magic Dart            Conj           ###.         1%          1    None
b - Call Imp              Summ           ##......     10%         2    None
e - Mephitic Cloud        Conj/Pois/Air  ##......     17%         3    ##.....
s - Conjure Flame         Conj/Fire      ##......     13%         3    ##.....
v - Blink                 Tloc           N/A          10%         2    None

Your spell library contained the following spells:

 Spells                   Type           Power        Failure   Level  Hunger
 Slow                     Hex            #.......     16%         2    None


Dungeon Overview and Level Annotations

Branches:
Dungeon (4/15)
 Temple: D:4-7

Altars:
Yredelemnul

Annotations:
D:4 Ijyb, Natasha


Innate Abilities, Weirdness & Mutations

You are frail. (-10% HP)
Your natural rate of healing is unusually fast.


Message History

Casting: Magic Dart (safe; 1% risk of failure)
Confirm with . or Enter, or press ? or * to list all spells.
Aiming: Magic Dart (safe; 1% risk of failure)
Press: ? - help, Shift-Dir - straight line, f - orc
Aim: an orc, wielding a +0 trident (lightly wounded, confused)
The magic dart hits the orc.
The orc is severely wounded.
Casting: Magic Dart (safe; 1% risk of failure)
Confirm with . or Enter, or press ? or * to list all spells.
Aiming: Magic Dart (safe; 1% risk of failure)
Press: ? - help, Shift-Dir - straight line, f/p - orc
Aim: an orc, wielding a +0 trident (severely wounded, confused)
The magic dart hits the orc.
The orc is severely wounded.
Casting: Magic Dart (safe; 1% risk of failure)
Confirm with . or Enter, or press ? or * to list all spells.
Aiming: Magic Dart (safe; 1% risk of failure)
Press: ? - help, Shift-Dir - straight line, f/p - orc
Aim: an orc, wielding a +0 trident (severely wounded, confused)
The magic dart hits the orc.
You kill the orc!
Casting: Magic Dart (safe; 1% risk of failure)
Confirm with . or Enter, or press ? or * to list all spells.
You don't have enough magic to cast that spell.
You aren't carrying any items that you can evoke.
Really quaff
g - a fuming grey potion {!q}? [Y]es or [N]o only, please.
Really quaff
g - a fuming grey potion {!q}?
It was a potion of mutation {!q}.
You feel extremely strange.
You feel frail.
You begin to heal more quickly.
Natasha casts a spell at you. You resist with some effort.
Okay, then.
Casting: Magic Dart (safe; 1% risk of failure)
Confirm with . or Enter, or press ? or * to list all spells.
You miscast Call Imp.
You are very lightly contaminated with residual magic.
Nothing appears to happen.
Natasha mumbles some strange words.
Natasha shimmers violently.
You barely miss Natasha. Natasha barely misses you.
Unknown command.
Natasha hisses.
Natasha casts a spell at you. The magic dart hits you.
Natasha wildly gestures.
Natasha glows brightly for a moment.
Casting: Call Imp (safe; 10% risk of failure)
Confirm with . or Enter, or press ? or * to list all spells.
A beastly little devil appears in a puff of flame.
Natasha claws you.
You swap places.
Natasha claws your crimson imp.
Your crimson imp blinks!
Your magical contamination has completely faded away.
Natasha casts a spell at you.
You feel yourself slow down. Natasha claws you!
* * * LOW HITPOINT WARNING * * *
Unknown command.
Natasha mewls in sadness.
Natasha claws you.
* * * LOW HITPOINT WARNING * * *
Natasha claws you.
You die...

#............# #........##
#............# #.......##.
#............# #......##..
#............############.##...
#........................##....
#............#############....#
#...........#.......).)..#.....
#...........##.##########)...#
#...........##@###### #....#
###########..h......# #....#
#.5.......# ####.# #.........#
.h. #.........# P. #.........#
_ #.........# . ####.###### ..


You could see Natasha and a friendly crimson imp.

Vanquished Creatures
  A howler monkey (D:4)
  4 orcs (D:4)
  2 bats (D:1)
  2 giant cockroaches
  3 goblins
  2 hobgoblins
  A frilled lizard (D:1)
  A kobold (D:1)
  2 rats (D:2)
18 creatures vanquished.

Notes
Turn   | Place    | Note
-------+----------+-------------------------------------------
     0 | D:1      | Amnesiac the Deep Elf Wizard began the quest for the Orb.
     0 | D:1      | Reached XP level 1. HP: 10/10 MP: 7/7
   235 | D:1      | Reached XP level 2. HP: 15/15 MP: 0/9
   239 | D:1      | Learned a level 2 spell: Blink
   242 | D:1      | Learned a level 2 spell: Call Imp
   529 | D:4      | Noticed a howler monkey
   537 | D:4      | Killed a howler monkey
   537 | D:4      | Reached XP level 3. HP: 14/19 MP: 1/11
   542 | D:4      | Learned a level 3 spell: Conjure Flame
   546 | D:4      | Learned a level 3 spell: Mephitic Cloud
   648 | D:4      | Noticed Ijyb
   729 | D:4      | Found a basalt altar of Yredelemnul.
   732 | D:4      | Noticed Natasha
   747 | D:4      | Gained mutation: You are frail. (-10% HP) [potion of
                  | mutation]
   747 | D:4      | Gained mutation: Your natural rate of healing is unusually
                  | fast. [potion of mutation]
   791 | D:4      | Slain by Natasha

Levels and vault maps discovered:
D:1:      erik_arrival_cave_to_civilisation [erik_arrival_cave_to_hall],
          layout_loops_ring, minmay_misc_feat_rows
D:2:      layout_rooms, gammafunk_temple_overflow_claw, uniq_robin
D:3:      layout_rooms, nicolae_overflow_crystal_walls, gammafunk_ghost_grave,
          first_ration, uniq_sigmund
D:4:      layout_basic, nrook_mini_backslash, yredelemnul_altar_generic,
          uniq_natasha, uniq_ijyb

Skill      XL: |  1  2  3 |
---------------+----------+-----
Conjurations   | 2 3 4 |  4.1
Dodging        | |  2.4
Stealth        | |  2.4
Spellcasting   | |  4.5
Summonings     | |  1.1
Translocations | |  1.1

Action                   || total
-------------------------++-------
Melee: Unarmed           ||     4
 Cast: Magic Dart        ||    53
       Mephitic Cloud    ||     1
       Call Imp          ||     1
  Use: Potion            ||     1
 Stab: Sleeping          ||     1
Armor: Robe              ||     2
Dodge: Dodged            ||    14

Table legend:
 A = Non-vault XP
 B = Vault XP
 C = Vault XP percentage of total XP
 D = Non-vault monster count
 E = Vault monster count
 F = Vault count percentage of total count
                 A         B        C        D         E       F
            +---------+---------+-------+---------+---------+-------
      Total |      86 |       4 |   4.4 |      16 |       2 |  11.1
            +---------+---------+-------+---------+---------+-------
        D:1 |       9 |       4 |  30.8 |       6 |       2 |  25.0
        D:2 |       8 |       0 |   0.0 |       5 |       0 |   0.0
        D:4 |      69 |       0 |   0.0 |       5 |       0 |   0.0
            +---------+---------+-------+---------+---------+-------
